[Event "EYCC Open U10 2021"]
[Site "Tornelo"]
[Date "2021.10.15"]
[Round "4.6"]
[White "Temirbekov, Taimaz"]
[Black "Ekmekcioglu, Gokdeniz"]
[Result "1-0"]
[ECO "C10"]
[WhiteElo "1573"]
[BlackElo "1463"]
[Annotator "NA"]
[PlyCount "129"]
[EventDate "2021.10.15"]
[EventType "swiss"]
[EventCountry "NET"]
[SourceTitle "playchess.com"]
[Source "ChessBase"]
[SourceQuality "1"]
[TimeControl "5400+30"]

1. e4 e6 2. d4 d5 3. Nc3 dxe4 4. Nxe4 Bd7 5. Nf3 Bc6 6. Bd3 Nd7 7. O-O Ngf6 8. Ng3 Bxf3 9. Qxf3 c6 10. Re1 Be7 11. c3 O-O 12. Ne4 Re8 13. Bd2 Nf8 14. Rad1 Ng6 15. Ng5 Qd5 16. Qe2 Bf8 17. Bc4 Qd7 18. g3 h6 19. Ne4 Nxe4 20. Qxe4 b5 21. Bb3 a5 22. a3 Ne7 23. h4 Nd5 24. g4 f5 25. Qg2 Kh8 26. gxf5 exf5 27. Qg6 Bd6 28. Bc2 Rf8 29. Re6 Rf6 30. Rxf6 Nxf6 31. Bxf5 Qe8 32. Re1 Qxg6+ 33. Bxg6 Kg8 34. Re6 Rd8 35. c4 bxc4 36. Bxa5 Rd7 37. Bf5 Ra7 38. Rxd6 Rxa5 39. Bg6 Kf8 40. Rxc6 Rb5 41. Rxc4 Rxb2 42. Rc8+ Ke7 43. Rc7+ Kf8 44. a4 Nd5 45. Rf7+ Kg8 46. Rd7 Kf8 47. Rxd5 Ke7 48. h5 Kf6 49. Rd7 Ra2 50. Rf7+ Kg5 51. Rxg7 Kh4 52. Ra7 Kh3 53. Bf5+ Kh4 54. a5 Kg5 55. Bg6 Kh4 56. Kg2 Rd2 57. Re7 Ra2 58. Re6 Ra1 59. a6 Ra3 60. d5 Kg5 61. d6 Rxa6 62. d7 Rxe6 63. d8=Q+ Kg4 64. Qd7 Kf4 65. Qxe6 1-0

[Event "EYCC Open U10 2021"]
[Site "Tornelo"]
[Date "2021.10.15"]
[Round "4.7"]
[White "Kengurov, Yaroslav"]
[Black "Karpenko, Anton"]
[Result "1-0"]
[ECO "E15"]
[WhiteElo "1484"]
[BlackElo "1634"]
[Annotator "NA"]
[PlyCount "85"]
[EventDate "2021.10.15"]
[EventType "swiss"]
[EventCountry "NET"]
[SourceTitle "playchess.com"]
[Source "ChessBase"]
[SourceQuality "1"]
[TimeControl "5400+30"]

1. d4 Nf6 2. c4 e6 3. g3 Bb4+ 4. Bd2 Be7 5. Bg2 d5 6. Nf3 O-O 7. O-O c6 8. Qc2 Nbd7 9. b3 b6 10. Rd1 Ba6 11. Bf4 Rc8 12. Nc3 c5 13. e4 cxd4 14. exd5 dxc3 15. d6 Re8 16. dxe7 Rxe7 17. Ne5 Qe8 18. Nc6 e5 19. Nxe7+ Qxe7 20. Bg5 b5 21. Bh3 Rc7 22. Qxc3 bxc4 23. Qa5 Nb8 24. Qd2 Nc6 25. bxc4 Nd4 26. Bg2 Bxc4 27. Be3 Rd7 28. Bxd4 exd4 29. Rac1 Ba6 30. Qa5 Rd6 31. Qc5 Qd8 32. Qc7 d3 33. Qxd8+ Rxd8 34. Bf1 Bb5 35. Rc3 Ne4 36. Rb3 a6 37. a4 Nc5 38. axb5 Nxb3 39. bxa6 Nc5 40. a7 Ra8 41. Rb1 Nd7 42. Rb7 Nf8 43. Bxd3 1-0

[Event "EYCC Open U10 2021"]
[Site "Tornelo"]
[Date "2021.10.15"]
[Round "4.9"]
[White "Ahmad, Khagan"]
[Black "Kviriashvili, Andria"]
[Result "0-1"]
[ECO "C06"]
[WhiteElo "2009"]
[BlackElo "1406"]
[Annotator "ChessBase"]
[PlyCount "102"]
[EventDate "2021.10.15"]
[EventType "swiss"]
[EventCountry "NET"]
[SourceTitle "playchess.com"]
[Source "ChessBase"]
[SourceQuality "1"]
[TimeControl "5400+30"]

1. e4 e6 2. d4 d5 3. Nd2 Nf6 4. e5 Nfd7 5. Bd3 c5 6. c3 Nc6 7. Ne2 cxd4 8. cxd4 f6 9. exf6 Nxf6 10. O-O Bd6 11. Nf3 O-O 12. Bg5 Qb6 13. Qb1 h6 14. Bh4 e5 15. dxe5 Nxe5 16. Nfd4 Nxd3 17. Qxd3 Bd7 18. Bg3 Rad8 19. Bxd6 Qxd6 20. f3 Rfe8 21. Rfe1 Qb6 22. Qb3 Rxe2 23. Rxe2 Qxd4+ 24. Re3 Re8 25. Rae1 Ba4 26. Qc3 Qxc3 27. Rxe8+ Bxe8 28. bxc3 Kf7 29. Kf2 Bb5 30. Ke3 Nd7 31. Kd4 Bc4 32. h4 Kf6 33. a3 Kf7 34. g4 b6 35. f4 Nc5 36. f5 Nb3+ 37. Ke5 Nc5 38. Rg1 Nd3+ 39. Kd6 Kf6 40. Kc7 Ne5 41. Kb7 b5 42. Kxa7 Nf3 43. Rb1 Nxh4 44. Kb6 Nf3 45. Rxb5 Bxb5 46. Kxb5 Ne5 47. a4 Nc4 48. Kc5 Ke5 49. Kc6 Kf4 50. Kxd5 Na5 51. c4 Kxg4 0-1

[Event "EYCC Open U10 2021"]
[Site "Tornelo"]
[Date "2021.10.15"]
[Round "4.10"]
[White "Ochedzan, Filip"]
[Black "Kocharyan, Vache"]
[Result "1-0"]
[ECO "B65"]
[WhiteElo "1696"]
[BlackElo "1367"]
[Annotator "NA"]
[PlyCount "141"]
[EventDate "2021.10.15"]
[EventType "swiss"]
[EventCountry "NET"]
[SourceTitle "playchess.com"]
[Source "ChessBase"]
[SourceQuality "1"]
[TimeControl "5400+30"]

1. e4 c5 2. Nf3 Nc6 3. d4 cxd4 4. Nxd4 Nf6 5. Nc3 d6 6. Bg5 e6 7. Qd2 Be7 8. f4 O-O 9. O-O-O Nxd4 10. Qxd4 Qa5 11. e5 dxe5 12. Qxe5 Qxe5 13. fxe5 Nd5 14. Bxe7 Nxe7 15. Bd3 Rb8 16. Rhe1 h6 17. Be4 b5 18. Rd2 b4 19. Na4 Rb5 20. b3 Kh8 21. Bd3 Rd5 22. Nb2 Rfd8 23. Nc4 Nc6 24. Rf2 Kg8 25. Be4 Rc5 26. Bxc6 Rxc6 27. Nd6 Rc7 28. Rd2 Ba6 29. Re4 Rb8 30. Kb1 Rb6 31. Rf4 Bb7 32. Rdf2 f5 33. Rd4 Bc6 34. h4 g6 35. g3 Kf8 36. Rc4 Ke7 37. Rd2 a5 38. Rc5 Ra6 39. Nc4 Raa7 40. Nxa5 Bd5 41. Rxc7+ Rxc7 42. Rd4 Rc5 43. Nc4 Bxc4 44. Rxc4 Rxe5 45. Rxb4 Re3 46. g4 Rg3 47. gxf5 exf5 48. Kc1 Kd6 49. a4 h5 50. a5 Kc7 51. a6 Re3 52. a7 Re8 53. Ra4 Kb7 54. a8=Q+ Rxa8 55. Rxa8 Kxa8 56. Kd2 Kb7 57. Ke3 Kc6 58. Kd4 Kd6 59. b4 Kc6 60. c4 Kb6 61. c5+ Kb7 62. b5 Kc7 63. Ke5 Kd7 64. Kd5 g5 65. b6 gxh4 66. c6+ Kc8 67. Kd6 h3 68. b7+ Kb8 69. c7+ Kxb7 70. Kd7 h2 71. c8=Q+ 1-0

[Event "EYCC Open U10 2021"]
[Site "Tornelo"]
[Date "2021.10.15"]
[Round "4.11"]
[White "Dumbelovic, Novak"]
[Black "Harutyunyan, Arman G."]
[Result "1-0"]
[ECO "B32"]
[WhiteElo "1688"]
[BlackElo "1395"]
[Annotator "NA"]
[PlyCount "95"]
[EventDate "2021.10.15"]
[EventType "swiss"]
[EventCountry "NET"]
[SourceTitle "playchess.com"]
[Source "ChessBase"]
[SourceQuality "1"]
[TimeControl "5400+30"]

1. e4 c5 2. Nf3 Nc6 3. d4 cxd4 4. Nxd4 e5 5. Nb5 d6 6. c4 a6 7. N5c3 Nf6 8. Bd3 Be7 9. Bg5 Nxe4 10. Bxe7 Nxc3 11. Nxc3 Nxe7 12. Qc2 h6 13. O-O-O Qc7 14. Rhe1 Be6 15. f4 O-O-O 16. fxe5 dxe5 17. Kb1 f6 18. Rc1 Nc6 19. Bf5 Qf7 20. Nd5 Kb8 21. Rcd1 Bxd5 22. cxd5 Nd4 23. Rxd4 exd4 24. Be6 Qc7 25. Qd3 Rhe8 26. Qxd4 Qd6 27. Qg4 Qe7 28. Rc1 Rd6 29. Qg3 Ka8 30. a3 g5 31. Qh3 Qh7+ 32. Ka1 h5 33. Qc3 Qe7 34. Rf1 Rxe6 35. dxe6 Qxe6 36. Rxf6 Qe5 37. Qxe5 Rxe5 38. Rf2 Ka7 39. Kb1 Kb6 40. Kc2 Kc5 41. Kd3 Kd5 42. Rf7 Kc6 43. Rf6+ Kc5 44. Rf2 Kd5 45. Rc2 Re7 46. b4 b6 47. Rc8 b5 48. Rc5+ 1-0

[Event "EYCC Open U10 2021"]
[Site "Tornelo"]
[Date "2021.10.15"]
[Round "4.12"]
[White "Gabadadze, Gabriel"]
[Black "Golis, Wiktor"]
[Result "1-0"]
[ECO "B50"]
[WhiteElo "1407"]
[BlackElo "1684"]
[Annotator "NA"]
[PlyCount "67"]
[EventDate "2021.10.15"]
[EventType "swiss"]
[EventCountry "NET"]
[SourceTitle "playchess.com"]
[Source "ChessBase"]
[SourceQuality "1"]
[TimeControl "5400+30"]

1. e4 c5 2. Nf3 d6 3. c3 Nf6 4. Qc2 Qc7 5. Bb5+ Bd7 6. Bxd7+ Nbxd7 7. d3 g6 8. Bg5 Bg7 9. h3 Rb8 10. a4 O-O 11. O-O a6 12. a5 b5 13. axb6 Qxb6 14. Ra2 e6 15. Nbd2 Rfe8 16. Nc4 Qc6 17. Rfa1 Ra8 18. Qa4 Qc7 19. Qa5 Qb8 20. Qa4 d5 21. exd5 exd5 22. Ne3 Qd6 23. Bf4 Qe6 24. Ng5 Qe7 25. Qc6 d4 26. Bd6 Qd8 27. cxd4 cxd4 28. Nc4 Nb8 29. Qxa8 Nfd7 30. Qd5 Qf6 31. Bxb8 Nxb8 32. Qxf7+ Qxf7 33. Nxf7 Kxf7 34. Nd6+ 1-0

[Event "EYCC Open U10 2021"]
[Site "Tornelo"]
[Date "2021.10.15"]
[Round "5.1"]
[White "Negrean, Andrei"]
[Black "Demchenko, Maksim Dm"]
[Result "1-0"]
[ECO "C06"]
[WhiteElo "1847"]
[BlackElo "1615"]
[Annotator "NA RC"]
[PlyCount "93"]
[EventDate "2021.10.15"]
[EventType "swiss"]
[EventCountry "NET"]
[SourceTitle "playchess.com"]
[Source "ChessBase"]
[SourceQuality "1"]
[TimeControl "5400+30"]

1. e4 e6 2. d4 d5 3. Nd2 Nf6 4. e5 Nfd7 5. Bd3 c5 6. c3 Nc6 7. Ne2 Qb6 8. Nf3 cxd4 9. cxd4 Bb4+ 10. Bd2 Bxd2+ 11. Qxd2 Qb4 12. O-O Qxd2 13. Nxd2 Nb4 14. Bb1 Nb6 15. a3 Nc6 16. f4 O-O 17. f5 Bd7 18. f6 g6 19. Bd3 $14 a6 20. h4 h6 21. Rac1 Rac8 22. h5 g5 23. Nf3 Na7 24. Nc3 Na4 25. Nxa4 Bxa4 26. Rfe1 Nb5 27. Kf2 Kh8 28. Ke3 Na7 29. Nh2 Rxc1 30. Rxc1 Rc8 31. Rxc8+ Nxc8 32. Ng4 Bd1 33. Nxh6 Bxh5 34. g4 Bg6 35. Bxg6 fxg6 36. Nf7+ Kg8 37. Nxg5 Nb6 38. b3 a5 39. Nxe6 a4 40. bxa4 Nc4+ 41. Kf4 Nxa3 42. Nc7 Kf7 43. g5 Nc2 44. e6+ Kg8 45. e7 Kh7 46. e8=Q Nxd4 47. Qf7+ 1-0

[Event "EYCC Open U10 2021"]
[Site "Tornelo"]
[Date "2021.10.15"]
[Round "5.2"]
[White "Surikov, Alexey"]
[Black "Petukhov, Dmitriy"]
[Result "0-1"]
[ECO "B10"]
[WhiteElo "1548"]
[BlackElo "1769"]
[Annotator "NA RC"]
[PlyCount "144"]
[EventDate "2021.10.15"]
[EventType "swiss"]
[EventCountry "NET"]
[SourceTitle "playchess.com"]
[Source "ChessBase"]
[SourceQuality "1"]
[TimeControl "5400+30"]

1. e4 c6 2. d3 d5 3. Nd2 e6 4. Ngf3 b6 5. g3 Bb7 6. Bg2 Nd7 7. O-O Bd6 8. Re1 Qc7 9. Qe2 O-O-O 10. e5 Be7 11. c3 h5 12. h4 Nh6 13. b4 Nf5 14. Nb3 Kb8 15. Bf4 Rc8 16. Nbd4 Nxd4 17. Nxd4 g6 18. a4 a6 19. Rec1 c5 20. bxc5 bxc5 21. Nc2 c4 22. d4 Ka8 23. Nb4 Bxb4 24. cxb4 Qb6 25. Qd2 Rc7 26. Qc3 Nb8 27. b5 Bc8 28. Rcb1 Rb7 29. Kh2 Bd7 30. a5 Qc7 31. bxa6 Rxb1 32. Rxb1 Bc6 33. Rb6 Nd7 34. Qb4 Rc8 35. Bd2 Ka7 36. Qe7 Nxb6 37. axb6+ Kxb6 38. Qa3 Ka7 39. Ba5 Qd7 40. Bb4 Bb5 41. Bc5+ Ka8 42. a7 Qb7 43. Bf1 Qa6 44. Qf3 Qb7 45. Qa3 Qd7 46. Qa5 Ba4 47. Qc3 Bb3 48. Kg1 Rc6 49. Qb4 Rc8 50. Qc3 Qd8 51. Qb4 f5 52. Qd2 Qe8 53. Qa5 Qc6 54. Kh2 Qc7 55. Qa6 Qc6 56. Qa5 Ba4 57. Qd2 Qb7 58. Qg5 Qf7 59. Qd2 Qb7 60. Qa5 Bc2 61. Bb6 Be4 62. Be2 Bd3 63. Bxd3 cxd3 64. Bc5 f4 65. gxf4 Qf7 66. Qd2 Qf5 67. f3 Rc7 68. Kg3 Rf7 69. Kg2 Qxf4 70. Qxd3 g5 71. hxg5 Qxg5+ 72. Kh3 Rf4 0-1

[Event "EYCC Open U10 2021"]
[Site "Tornelo"]
[Date "2021.10.15"]
[Round "5.4"]
[White "Williams, Oscar"]
[Black "Temirbekov, Taimaz"]
[Result "0-1"]
[ECO "B90"]
[WhiteElo "1405"]
[BlackElo "1573"]
[Annotator "NA RC"]
[PlyCount "162"]
[EventDate "2021.10.15"]
[EventType "swiss"]
[EventCountry "NET"]
[SourceTitle "playchess.com"]
[Source "ChessBase"]
[SourceQuality "1"]
[TimeControl "5400+30"]

1. e4 c5 2. Nf3 d6 3. d4 cxd4 4. Nxd4 Nf6 5. Nc3 a6 6. h3 e5 7. Nde2 h5 8. g3 Be7 9. Bg2 b5 10. Be3 Bb7 11. Qd2 Nbd7 12. Nd5 Nxd5 13. exd5 Rc8 14. O-O Qc7 15. Rac1 Nb6 16. b3 O-O 17. g4 Rb8 18. Ng3 hxg4 19. hxg4 Bc8 20. Nf5 Bxf5 21. gxf5 Nd7 22. Be4 b4 23. c4 Nc5 24. f3 Qb6 25. Qg2 Bf6 26. Kf2 Rfc8 27. Ke2 Kf8 28. Rh1 Ke7 29. Rh7 Rh8 30. Rch1 Rxh7 31. Rxh7 Rg8 32. Kf1 Qc7 33. Bg5 Nd7 34. Be3 a5 35. Rh2 a4 36. Bc2 axb3 37. Bxb3 Qb8 38. Qd2 Rh8 39. Kg1 e4 40. f4 Bc3 41. Qg2 Nf6 42. Rxh8 Qxh8 43. c5 Qh4 44. cxd6+ Kxd6 45. Bf2 Qg4 46. Qxg4 Nxg4 47. Kf1 Nf6 48. Ke2 Nxd5 49. Be3 Bf6 50. Bd2 Bc3 51. Be3 Ne7 52. Bxf7 Nxf5 53. Bg6 Ke6 54. Bc5 Kf6 55. Be8 g5 56. fxg5+ Kxg5 57. Bb6 Kf4 58. Bc6 Bd4 59. Bc7+ Be5 60. Bb6 Ng3+ 61. Kf2 Nf5 62. Ke2 Bd6 63. Bb5 e3 64. Bc4 Ng3+ 65. Kd1 Kf3 66. Ke1 Be5 67. Bd5+ Kf4 68. Bc4 Bc3+ 69. Kd1 Kf3 70. Bd5+ Kf2 71. Bc5 Nf5 72. Be6 Bd4 73. Bxb4 e2+ 74. Kc2 Bc5 75. Bxc5+ Ne3+ 76. Bxe3+ Kxe3 77. Bb3 e1=Q 78. Kb2 Kd2 79. Ka3 Kc3 80. Ka4 Qe5 81. Bg8 Qc5 0-1

[Event "EYCC Open U10 2021"]
[Site "Tornelo"]
[Date "2021.10.15"]
[Round "5.6"]
[White "Ekmekcioglu, Gokdeniz"]
[Black "Ochedzan, Filip"]
[Result "1/2-1/2"]
[ECO "D24"]
[WhiteElo "1463"]
[BlackElo "1696"]
[Annotator "NA RC"]
[PlyCount "91"]
[EventDate "2021.10.15"]
[EventType "swiss"]
[EventCountry "NET"]
[SourceTitle "playchess.com"]
[Source "ChessBase"]
[SourceQuality "1"]
[TimeControl "5400+30"]

1. d4 d5 2. c4 dxc4 3. Nf3 Nf6 4. Nc3 a6 5. a4 Nc6 6. e3 Na5 7. Ne5 Be6 8. Be2 g6 9. O-O Bg7 10. f4 c6 11. Bf3 Rb8 12. Bd2 Nb3 13. Ra3 c5 14. Ne2 cxd4 15. exd4 Nxd4 16. Nxd4 Qxd4+ 17. Be3 Qxb2 18. Ra1 O-O 19. Rb1 Qa3 20. Bb6 c3 21. a5 Ne8 22. Ra1 Qd6 23. Qc2 Bxe5 24. fxe5 Qxe5 25. Rfe1 Qf6 26. Ra3 Nd6 27. Rxc3 Nb5 28. Rce3 Rfc8 29. Qf2 Qf5 30. Qg3 Nd6 31. Rxe6 fxe6 32. Bg4 Qf6 33. Bxe6+ Kg7 34. Bxc8 Rxc8 35. Rf1 Nf5 36. Qf3 Qc6 37. Qe2 Qd6 38. Qf3 Qc6 39. Qe2 Qb5 40. Bd4+ Nxd4 41. Qxe7+ Kg8 42. Qf7+ Kh8 43. Qf6+ Kg8 44. Qf7+ Kh8 45. Qf6+ Kg8 46. Qf7+ 1/2-1/2

[Event "EYCC Open U10 2021"]
[Site "Tornelo"]
[Date "2021.10.15"]
[Round "5.7"]
[White "Diachek, Andriy"]
[Black "Dolgopolov, Egor"]
[Result "1-0"]
[ECO "B22"]
[WhiteElo "1689"]
[BlackElo "1437"]
[Annotator "NA RC"]
[PlyCount "89"]
[EventDate "2021.10.15"]
[EventType "swiss"]
[EventCountry "NET"]
[SourceTitle "playchess.com"]
[Source "ChessBase"]
[SourceQuality "1"]
[TimeControl "5400+30"]

1. e4 c5 2. Nf3 Nc6 3. c3 d5 4. exd5 Qxd5 5. d4 Nf6 6. Be2 Bg4 7. h3 Bh5 8. c4 Qd8 9. d5 Bxf3 10. Bxf3 Nd4 11. O-O g6 12. Be3 Qb6 13. Nc3 h5 14. Na4 Qc7 15. Nxc5 e5 16. dxe6 Bxc5 17. exf7+ Kxf7 18. Bxd4 Rhd8 19. Bd5+ Nxd5 20. cxd5 Rxd5 21. Qb3 Rad8 22. Bxc5 Qxc5 23. Qxb7+ Kf6 24. Rac1 Qf8 25. Qxa7 Rd2 26. Rc3 R8d5 27. Rf3+ Rf5 28. Rxf5+ gxf5 29. Qb6+ Rd6 30. Qb3 Qd8 31. Qc3+ Kg6 32. Qg3+ Kh7 33. Qe5 Rf6 34. Re1 Rf7 35. a4 Qg5 36. Qe3 Qf6 37. Qe6 Qg7 38. Re3 f4 39. Re5 f3 40. Rxh5+ Kg8 41. Qg4 fxg2 42. Rg5 Kf8 43. Rxg7 Rxg7 44. Qxg7+ Kxg7 45. Kxg2 1-0

[Event "EYCC Open U10 2021"]
[Site "Tornelo"]
[Date "2021.10.15"]
[Round "5.8"]
[White "Kviriashvili, Andria"]
[Black "Dumbelovic, Novak"]
[Result "1/2-1/2"]
[ECO "B22"]
[WhiteElo "1406"]
[BlackElo "1688"]
[Annotator "NA RC"]
[PlyCount "125"]
[EventDate "2021.10.15"]
[EventType "swiss"]
[EventCountry "NET"]
[SourceTitle "playchess.com"]
[Source "ChessBase"]
[SourceQuality "1"]
[TimeControl "5400+30"]

1. e4 c5 2. c3 Nf6 3. e5 Nd5 4. d4 cxd4 5. Nf3 d6 6. cxd4 e6 7. a3 Nc6 8. Bd3 Be7 9. O-O O-O 10. Qe2 Bd7 11. b4 a6 12. Bb2 Nf4 13. Qe4 Nxd3 14. Qxd3 d5 15. Nc3 Rc8 16. Nd2 Na7 17. f4 f5 18. exf6 Bxf6 19. Nf3 Nb5 20. Ne2 Nd6 21. a4 Qe7 22. Ne5 Nc4 23. Bc3 Qe8 24. Nxd7 Qxd7 25. Kh1 Rc7 26. Qh3 Rfc8 27. Rac1 Nd6 28. g4 Ne4 29. Rf3 Nxc3 30. Rfxc3 Be7 31. Rxc7 Rxc7 32. Rxc7 Qxc7 33. g5 Qd7 34. b5 axb5 35. axb5 Bd6 36. Kg2 g6 37. Kf2 Qf7 38. Kg2 Kf8 39. Qc3 Qd7 40. Qd3 Qc7 41. Qe3 Qd7 42. Qd3 Kg7 43. Kf3 Qf7 44. Kg3 Kf8 45. Qc2 Qc7 46. Qxc7 Bxc7 47. Kf3 Ke7 48. Ke3 Ba5 49. Nc1 b6 50. Nd3 Bc3 51. Ne5 Bb2 52. Kd2 Ba3 53. Ng4 Bd6 54. Ke3 Kf7 55. Kf3 Bc7 56. h4 Bd8 57. Ne5+ Ke7 58. Kg4 Bc7 59. Nc6+ Kd7 60. Nb4 Bd6 61. Nd3 Bc7 62. h5 Bd6 63. Ne1 1/2-1/2

[Event "EYCC Open U10 2021"]
[Site "Tornelo"]
[Date "2021.10.15"]
[Round "5.9"]
[White "Daniel, Raja.N"]
[Black "Oikonomopoulos, Filippos"]
[Result "0-1"]
[ECO "B22"]
[WhiteElo "1713"]
[BlackElo "1650"]
[Annotator "NA RC"]
[PlyCount "130"]
[EventDate "2021.10.15"]
[EventType "swiss"]
[EventCountry "NET"]
[SourceTitle "playchess.com"]
[Source "ChessBase"]
[SourceQuality "1"]
[TimeControl "5400+30"]

1. e4 c5 2. c3 d5 3. exd5 Qxd5 4. Nf3 Nc6 5. Na3 Bf5 6. d4 Nf6 7. Be3 e6 8. dxc5 O-O-O 9. Qxd5 Nxd5 10. Nc4 Nxe3 11. Nxe3 Bxc5 12. Nxf5 exf5 13. Bc4 Rhe8+ 14. Kf1 g5 15. b4 Bb6 16. Nxg5 Rd2 17. Nh3 Ne5 18. Re1 Kd8 19. Be2 Ng4 20. c4 Bxf2 21. Nxf2 Ne3+ 22. Kg1 Nc2 23. Rd1 Rxd1+ 24. Nxd1 Rxe2 25. h3 Nxb4 26. Kh2 Rxa2 27. Ne3 f4 28. Nf5 f3 29. Rg1 Rxg2+ 30. Rxg2 fxg2 31. Kxg2 Nd3 32. Nd6 Ne5 33. Nxb7+ Kc7 34. Nc5 Nxc4 35. Kf3 Kd6 36. Nb3 Ke5 37. h4 h5 38. Nc1 a5 39. Ke2 Kf4 40. Kd3 Nb6 41. Kd4 Kg4 42. Kc5 Nd7+ 43. Kb5 Kxh4 44. Kxa5 Kg4 45. Kb5 h4 46. Nd3 h3 47. Kc6 Kg3 48. Kxd7 h2 49. Ne5 h1=Q 50. Nxf7 Kf4 51. Ke6 Qc6+ 52. Nd6 Qc5 53. Nf7 Qf5+ 54. Ke7 Qg6 55. Nd6 Ke5 56. Nf7+ Kd5 57. Nd8 Qd6+ 58. Ke8 Qc7 59. Nf7 Ke6 60. Ng5+ Kf5 61. Nh7 Qxh7 62. Kd8 Ke6 63. Kc8 Kd6 64. Kb8 Kc6 65. Ka8 Qb7# 0-1

[Event "EYCC Open U10 2021"]
[Site "Tornelo"]
[Date "2021.10.15"]
[Round "5.10"]
[White "Yurasov, Matfey"]
[Black "Gabadadze, Gabriel"]
[Result "0-1"]
[ECO "D05"]
[WhiteElo "1588"]
[BlackElo "1407"]
[Annotator "NA RC"]
[PlyCount "102"]
[EventDate "2021.10.15"]
[EventType "swiss"]
[EventCountry "NET"]
[SourceTitle "playchess.com"]
[Source "ChessBase"]
[SourceQuality "1"]
[TimeControl "5400+30"]

1. d4 Nf6 2. Nf3 e6 3. e3 c5 4. Bd3 d5 5. b3 Nc6 6. O-O Be7 7. Bb2 O-O 8. Nbd2 Qc7 9. a3 b6 10. Qe2 Bb7 11. dxc5 bxc5 12. c4 Rfd8 13. Rac1 Qb6 14. Rb1 Rac8 15. cxd5 exd5 16. Rfc1 Re8 17. Qd1 Rcd8 18. Qc2 d4 19. Nc4 Qc7 20. exd4 Nxd4 21. Nxd4 cxd4 22. Qd1 Qf4 23. f3 Bf8 24. Rc2 h5 25. Bc1 Qh4 26. g3 Qh3 27. Bg5 Re6 28. Qf1 Qxf1+ 29. Rxf1 Rde8 30. Bd2 g6 31. Rcc1 Bg7 32. h3 Nd7 33. b4 Ba6 34. a4 Ne5 35. Nxe5 Bxe5 36. b5 Bb7 37. f4 Bb8 38. a5 a6 39. b6 Re3 40. Bxe3 Rxe3 41. Bc4 Rxg3+ 42. Kf2 Bxf4 43. Ke1 Bxc1 44. Rxf7 Rc3 45. Rxb7+ Rxc4 46. Rc7 Rc3 47. Ra7 d3 48. Re7 Bf4 49. b7 d2+ 50. Ke2 Rb3 51. Rd7 Rb1 0-1

[Event "EYCC Open U10 2021"]
[Site "Tornelo"]
[Date "2021.10.15"]
[Round "5.11"]
[White "Karimli, Yusif"]
[Black "Batalov, Prokhor"]
[Result "1-0"]
[ECO "A17"]
[WhiteElo "1571"]
[BlackElo "1391"]
[Annotator "NA RC"]
[PlyCount "123"]
[EventDate "2021.10.15"]
[EventType "swiss"]
[EventCountry "NET"]
[SourceTitle "playchess.com"]
[Source "ChessBase"]
[SourceQuality "1"]
[TimeControl "5400+30"]

1. d4 d5 2. Nf3 Nf6 3. g3 Bf5 4. Bg2 e6 5. O-O Bd6 6. c4 c6 7. cxd5 exd5 8. Nc3 O-O 9. Ne5 Nbd7 10. Bf4 Bxe5 11. dxe5 Ng4 12. e4 dxe4 13. Nxe4 Ngxe5 14. Nd6 Qf6 15. Nxf5 Qxf5 16. Qb3 Nb6 17. a4 Nec4 18. Qc3 g5 19. Be3 Nxe3 20. Qxe3 Rfe8 21. Qc3 Rad8 22. a5 Nd7 23. Rfe1 Ne5 24. Rad1 Ng4 25. Bf3 Rxd1 26. Rxd1 Ne3 27. fxe3 Qxf3 28. Re1 Qd5 29. Qb4 Kg7 30. e4 Qd7 31. Qc5 Qd2 32. Re3 h6 33. h4 Qxb2 34. hxg5 Qe5 35. gxh6+ Kxh6 36. Qc4 Re6 37. Qb4 Qd6 38. Qc3 Kh7 39. Re1 Qe5 40. Qe3 Rg6 41. Kg2 Kg7 42. Rf1 Rg4 43. Re1 c5 44. Qf3 Rg6 45. Rf1 Qf6 46. Qb3 Qe7 47. Qc3+ f6 48. Qd3 b5 49. Re1 c4 50. Qd4 Qc7 51. e5 Qc6+ 52. Kf2 fxe5 53. Rxe5 Rf6+ 54. Kg1 Qf3 55. Rg5+ Kf7 56. Qd7+ Kf8 57. Qg7+ Ke8 58. Re5+ Kd8 59. Qe7+ Kc8 60. Qe8+ Kc7 61. Qe7+ Kc6 62. Rc5# 1-0

[Event "EYCC Open U10 2021"]
[Site "Tornelo"]
[Date "2021.10.15"]
[Round "5.12"]
[White "Gulenko, Zakhar"]
[Black "Kozlov, Kirill Dm."]
[Result "0-1"]
[ECO "B14"]
[WhiteElo "1524"]
[BlackElo "1228"]
[Annotator "NA RC"]
[PlyCount "106"]
[EventDate "2021.10.15"]
[EventType "swiss"]
[EventCountry "NET"]
[SourceTitle "playchess.com"]
[Source "ChessBase"]
[SourceQuality "1"]
[TimeControl "5400+30"]

1. e4 c5 2. c3 e6 3. d4 d5 4. exd5 exd5 5. Nf3 cxd4 6. cxd4 Nc6 7. Nc3 Nf6 8. Bg5 Be7 9. Bb5 O-O 10. O-O h6 11. Bh4 Bg4 12. Bxc6 bxc6 13. Qd3 Bxf3 14. Qxf3 Qb6 15. Qe3 Rfe8 16. Qd2 Ne4 17. Nxe4 Bxh4 18. Nc5 Re7 19. Rfe1 Rae8 20. g3 Bg5 21. Qc3 Re2 22. f4 Bf6 23. Kf1 Qb5 24. Nd3 R2e4 25. Rad1 Bxd4 26. Qb3 Rxe1+ 27. Rxe1 Rxe1+ 28. Kxe1 Qxb3 29. axb3 c5 30. Kd2 Kf8 31. Kc2 Ke7 32. Ne1 Kd6 33. Nf3 Bf6 34. h4 h5 35. Nh2 Ke6 36. Nf1 Kf5 37. Kd3 Bxb2 38. Ne3+ Ke6 39. f5+ Ke5 40. Ng2 Bc1 41. Kc2 Bh6 42. Kd3 Kxf5 43. Ke2 Kg4 44. Kf2 Bd2 45. Kg1 Kxg3 46. Kh1 Kf2 47. Kh2 Bh6 48. Kh3 d4 49. b4 cxb4 50. Nf4 g6 51. Nd3+ Ke3 52. Nxb4 d3 53. Nxd3 Kxd3 0-1

[Event "EYCC Open U10 2021"]
[Site "Tornelo"]
[Date "2021.10.15"]
[Round "6.1"]
[White "Petukhov, Dmitriy"]
[Black "Negrean, Andrei"]
[Result "0-1"]
[ECO "A14"]
[WhiteElo "1769"]
[BlackElo "1847"]
[Annotator "NA RC"]
[PlyCount "96"]
[EventDate "2021.10.15"]
[EventType "swiss"]
[EventCountry "NET"]
[SourceTitle "playchess.com"]
[Source "ChessBase"]
[SourceQuality "1"]
[TimeControl "5400+30"]

1. c4 Nf6 2. g3 c5 3. Bg2 e6 4. Nf3 b6 5. O-O Bb7 6. b3 Be7 7. Bb2 O-O 8. d3 d5 9. cxd5 Nxd5 10. Nc3 Nd7 11. Nxd5 Bxd5 12. Qd2 Bf6 13. Rac1 Rc8 14. Rfd1 e5 15. e3 Re8 16. d4 cxd4 17. Rxc8 Qxc8 18. exd4 e4 19. Ne1 Qa6 20. Bh3 Nf8 21. Bf1 Qb7 22. Ng2 Ne6 23. h4 Rd8 24. Ne3 b5 25. Qb4 a6 26. Bg2 g6 27. Re1 Be7 28. Qd2 f5 29. Bc3 Bf6 30. Kh2 Bc6 31. Rd1 Nxd4 32. Qb2 Qb6 33. Qa3 Nf3+ 34. Bxf3 Bxc3 35. Qe7 Re8 36. Qg5 exf3 37. Kg1 Bd4 38. Nxf5 Bxf2+ 39. Kh1 Bd4 40. h5 Re1+ 41. Kh2 Rxd1 42. Nh6+ Kf8 43. Qf4+ Ke7 44. Ng8+ Ke6 45. Qg4+ Kd6 46. Qg5 Rh1+ 47. Kxh1 f2+ 48. Kh2 f1=Q 0-1

[Event "EYCC Open U10 2021"]
[Site "Tornelo"]
[Date "2021.10.15"]
[Round "6.2"]
[White "Temirbekov, Taimaz"]
[Black "Kengurov, Yaroslav"]
[Result "1-0"]
[ECO "A11"]
[WhiteElo "1573"]
[BlackElo "1484"]
[Annotator "NA RC"]
[PlyCount "45"]
[EventDate "2021.10.15"]
[EventType "swiss"]
[EventCountry "NET"]
[SourceTitle "playchess.com"]
[Source "ChessBase"]
[SourceQuality "1"]
[TimeControl "5400+30"]

1. Nf3 Nf6 2. g3 g6 3. b3 Bg7 4. Bb2 O-O 5. Bg2 d5 6. c4 c6 7. O-O Na6 8. d3 Re8 9. Nbd2 Nc7 10. Rc1 a5 11. cxd5 Ncxd5 12. Nc4 Bh6 13. Rb1 b5 14. Nce5 Qd6 15. e4 Nb6 16. Bc1 Bxc1 17. Qxc1 Bb7 18. Nxf7 Kxf7 19. e5 Qd8 20. Qh6 Rh8 21. Ng5+ Ke8 22. exf6 exf6 23. Qg7 1-0

[Event "EYCC Open U10 2021"]
[Site "Tornelo"]
[Date "2021.10.15"]
[Round "6.4"]
[White "Kozlov, Kirill Dm."]
[Black "Diachek, Andriy"]
[Result "1/2-1/2"]
[ECO "C88"]
[WhiteElo "1228"]
[BlackElo "1689"]
[Annotator "NA RC"]
[PlyCount "110"]
[EventDate "2021.10.15"]
[EventType "swiss"]
[EventCountry "NET"]
[SourceTitle "playchess.com"]
[Source "ChessBase"]
[SourceQuality "1"]
[TimeControl "5400+30"]

1. e4 e5 2. Nf3 Nc6 3. Bb5 a6 4. Ba4 Nf6 5. O-O Be7 6. d3 b5 7. Bb3 O-O 8. c3 d6 9. Re1 Na5 10. Bc2 c5 11. a4 Bb7 12. Nbd2 Re8 13. Nf1 Bf8 14. Ng3 g6 15. h3 Bg7 16. Bg5 Nc6 17. d4 cxd4 18. cxd4 Nxd4 19. Nxd4 exd4 20. Qxd4 h6 21. Bxf6 Bxf6 22. Qb4 Qb6 23. Qb3 Bd4 24. Rf1 Rad8 25. Ne2 Bg7 26. Ng3 d5 27. axb5 axb5 28. Bd3 dxe4 29. Qxb5 Qc7 30. Bc4 Bc6 31. Qb3 Rb8 32. Qe3 Rxb2 33. Ra7 Rb7 34. Rxb7 Bxb7 35. Rc1 Qe7 36. Bb5 Rd8 37. Qb6 Bd4 38. Rc7 Bxb6 39. Rxe7 Bd5 40. Nxe4 Bxe4 41. Rxe4 Rd1+ 42. Bf1 Kg7 43. g3 h5 44. Kg2 Rd2 45. Re2 Rxe2 46. Bxe2 Kh6 47. Bc4 f5 48. Bf7 Kg7 49. Bd5 Kf6 50. f4 g5 51. fxg5+ Kxg5 52. Be6 Bc7 53. Bxf5 Kxf5 54. g4+ hxg4 55. hxg4+ Kxg4 1/2-1/2